 Dungeon Crawl Stone Soup version 0.18-a0-1560-ge216ca8 (webtiles) character file.

32 namelastname112 the Digger (level 3, -1/43 HPs)
             Began as a Draconian Wanderer on Mar 12, 2016.
             Slain by Terence
             ... wielding a +0 flail
              (12 damage)
             ... on level 2 of the Dungeon.
             The game lasted 00:01:38 (1037 turns).

namelastname112 the Digger (Draconian Wanderer)     Turns: 1037, Time: 00:01:38

Health: -1/43      AC:  5    Str: 18    XL:     3   Next: 10%
Magic:  4/4        EV: 12    Int: 14    God:
Gold:   77         SH:  0    Dex: 10    Spells: 0 memorised, 4 levels left

rFire  . . .     SeeInvis .     j - +1 dagger (vamp)
rCold  . . .     Gourm    .     (armour unavailable)
rNeg   . . .     Faith    .     (no shield)
rPois  .         Spirit   .     (helmet restricted)
rElec  .         Dismiss  .     (no cloak)
rCorr  .         Reflect  .     (no gloves)
SustAt .         Harm     .     (no boots)
MR     .....                    (no amulet)
Stlth  ..........               (no ring)
                                a - ring of stealth

@: berserking, very quick, not resistant to hostile enchantments, extremely
unstealthy
A: unfitting armour, cold-blooded, AC +5
a: no special abilities


You were on level 2 of the Dungeon.
You were not hungry.

You visited 1 branch of the dungeon, and saw 2 of its levels.

You collected 77 gold pieces.

Inventory:

Hand Weapons
 j - a +1 vampiric dagger (weapon)
Jewellery
 a - a ring of stealth (left hand)
Scrolls
 d - 3 scrolls of teleportation
 e - a scroll of recharging {unknown}
 h - 3 scrolls of identify {unknown}
 k - a scroll of magic mapping {unknown}
 l - a scroll of noise {unknown}
 m - a scroll of immolation {unknown}
Potions
 i - a potion of heal wounds {unknown}
Books
 c - the Almanac of Toxins

   Spells                             Type                      Level
   a - Sting                          Conjuration/Poison           1
   b - Cure Poison                    Poison                       2
Comestibles
 f - 2 bread rations
 g - a meat ration


   Skills:
 + Level 2.2 Fighting
 + Level 1.4 Dodging
 - Level 1.0 Stealth
 - Level 1.0 Spellcasting
   Level 1.0 Hexes
   Level 2.0 Necromancy
   Level 4.0 Earth Magic
   Level 1.0 Evocations


You had 4 spell levels left.
You didn't know any spells.

Dungeon Overview and Level Annotations

Branches:
Dungeon (2/15)

Altars:
Nemelex Xobeh
Yredelemnul

Annotations:
D:2 Jessica, Terence


Innate Abilities, Weirdness & Mutations

Your plain brown scales are hard (AC +5).
Your body does not fit into most forms of armour.
You are cold-blooded and may be slowed by cold attacks.


Message History

Terence hits you with a flail. Jessica hits you but does no damage.
You barely miss Terence.
Terence is moderately wounded.
Jessica barely misses you. Terence hits you with a flail!
* * * LOW HITPOINT WARNING * * *
You barely miss Terence.
Terence is moderately wounded.
Jessica hits you with a dagger.
* * * LOW HITPOINT WARNING * * *
Terence closely misses you.
You barely miss Terence.
Your tail-slap misses Terence.
Terence is lightly wounded.
Jessica hits you but does no damage.
You barely miss Jessica. Terence closely misses you.
Jessica very coldly says, "I hate your company."
Jessica hits you but does no damage.
You barely miss Terence.
Terence is lightly wounded.
Terence hits you with a flail!
You die...

#..#..#. #.....#.
#.....#. #♣♣♣#
#♣.....#. #♣⌠.⌠♣#
#♣..#....#
♣.._..♣♣♣♣♣♣..♣#...##
♣............♣##..##
♣............♣#....##
♣..@@@......♣##.....#
♣♣.........♣♣#....##.
.#
#♣♣♣...?♣♣###....###
...# ♣♣♣♣♣###.........
#...#######........###
#.................##
#####
####.#####.#........
..... ...#
#.#####.#.#......
##### ##...#
#.......#...####.


You could see Terence (berserk) and Jessica.

Vanquished Creatures
  3 dart slugs (D:1)
  5 bats (D:2)
  A giant cockroach (D:1)
  5 goblins (D:1)
  3 hobgoblins
  A quokka (D:2)
  2 giant newts
  4 kobolds
  3 rats
27 creatures vanquished.

Notes
Turn   | Place    | Note
--------------------------------------------------------------
     0 | D:1      | namelastname112 the Draconian Wanderer began the quest for the Orb.
     0 | D:1      | namelastname112 set off with: a +2 dagger, a potion of berserk rage, the Almanac of Toxins, a scroll of teleportation, a bread ration
     0 | D:1      | Reached XP level 1. HP: 14/14 MP: 2/2
   105 | D:1      | Reached skill level 1 in Fighting
   105 | D:1      | Reached skill level 1 in Dodging
   106 | D:1      | Reached XP level 2. HP: 11/23 MP: 3/3
   699 | D:2      | Found a sparkling altar of Nemelex Xobeh.
   841 | D:2      | Reached XP level 3. HP: 24/29 MP: 4/4
  1010 | D:2      | Found a basalt altar of Yredelemnul.
  1010 | D:2      | Noticed Jessica
  1012 | D:2      | Noticed Terence
  1037 | D:2      | Slain by Terence

Vault maps used:
D:1:      dpeg_arrival_tiny_k
D:2:      kennysheep_ying_yang, lemuel_coloured_pillars_altar, uniq_terence,
          uniq_jessica

Skill      XL: |  1  2 |
---------------+-------+-----
Fighting       | 1 2 |  2.2
Dodging        | 1 |  1.4
Stealth        | |  1.0
Spellcasting   | |  1.0
Hexes          | |  1.0
Necromancy     | |  2.0
Earth Magic    | |  4.0
Evocations     | |  1.0

Action                   || total
-------------------------++-------
Melee: Dagger            ||   124
  Use: Potion            ||     1
 Stab: Sleeping          ||     2
  Eat: Meat ration       ||     1
